Map: Dusty Gorge

Players

IlIlIlIlIll

  • Race: Protoss Protoss
  • Spawn Location: 11:00

MAYO

  • Race: Protoss Protoss
  • Spawn Location: 9:00

gonzo - Winner!

  • Race: Terran Terran
  • Spawn Location: 5:00

Adversity - Winner!

  • Race: Terran Terran
  • Spawn Location: 3:00

VOD

Have the link to the VOD?

Description

Time

  • Played on: July 13, 2018, 3:51 p.m.
  • Length: 12:21
Show
View Real Time Build Order
Export as new Build Order

IlIlIlIlIll Protoss 

Build Orders: Blink Stalkers 

Get SALT Encoding   

  12  0:01  Probe  
  13  0:13  Probe  
  14  0:18  Pylon  
  14  0:25  Probe  
  15  0:33  Probe  
  15  0:41  Probe  
  15  0:42  Gateway  
  17  0:50  Assimilator  
  17  0:53  Probe  
  18  1:05  Probe  
  19  1:20  Probe  
  19  1:23  Gateway  
  20  1:30  Cybernetics Core  
  20  1:37  Probe, Pylon  
  21  1:42  Assimilator  
  21  1:46  Assimilator  
  21  1:49  Probe  
  22  2:03  Stalker x2  
  22  2:06  Probe  
  23  2:10  Warp Gate  
  26  2:25  Pylon  
  26  2:35  Stalker  
  28  2:43  Stalker  
  30  3:00  Nexus  
  30  3:17  Probe  
  31  3:22  Twilight Council  
  31  3:30  Stalker  
  31  3:33  Stalker  
  35  3:36  Probe  
  36  3:46  Pylon  
  36  3:50  Probe  
  36  3:54  Blink  
  37  4:02  Probe  
  38  4:14  Probe  
  39  4:19  Sentry  
  39  4:21  Probe  
  42  4:27  Probe  
  42  4:30  Gateway x2, Probe  
  44  4:38  Probe  
  44  4:40  Probe  
  46  4:48  Probe  
  46  4:52  Probe  
  48  4:54  Stalker  
  48  4:55  Stalker  
  52  5:00  Probe  
  52  5:05  Probe  
  54  5:12  Forge  
  54  5:19  Probe, Pylon  
  55  5:21  Nexus, Probe  
  55  5:25  Protoss Ground Weapons Level 1  
  56  5:31  Pylon  
  56  5:40  Gateway  
  56  5:44  Gateway  
  56  5:50  Probe x2, Forge  
  58  6:01  Gateway  
  58  6:02  Gateway, Probe x2  
  60  6:15  Charge  
  60  6:16  Stalker x2  
  64  6:20  Zealot x2  
  67  6:27  Protoss Ground Armor Level 1  
  67  6:33  Probe  
  67  6:34  Probe  
  67  6:39  Probe  
  70  6:46  Probe x2  
  72  6:49  Zealot  
  72  6:50  Zealot x3  
  72  6:51  Probe  
  81  6:55  Pylon  
  81  6:58  Probe x2  
  81  7:00  Probe  
  83  7:06  Pylon  
  84  7:09  Probe  
  84  7:10  Probe x2  
  87  7:26  Zealot x4  
  87  7:27  Zealot  
  87  7:28  Zealot x2  
  101  7:31  Protoss Ground Weapons Level 2  
  77  7:39  Zealot x3  
  66  7:48  Zealot x3  
  66  7:49  Zealot x2  
  74  8:04  Robotics Facility  
  74  8:06  Sentry  
  74  8:12  Zealot  
  78  8:19  Pylon  
  78  8:21  Pylon  
  78  8:22  Pylon  
  78  8:25  Protoss Ground Armor Level 2  
  78  8:32  Pylon  
  78  8:36  Assimilator  
  78  8:42  Cybernetics Core  
  78  8:46  Zealot  
  78  8:47  Zealot x3  
  78  8:48  Gateway  
  86  8:49  Gateway  
  58  9:03  Zealot x2  
  58  9:07  Zealot x2  
  58  9:08  Zealot x2  
  70  9:15  Dark Shrine  
  72  9:19  Assimilator  
  70  9:24  Zealot  
  70  9:27  Zealot  
  70  9:28  Zealot  
  59  9:37  Zealot x2  
  55  9:41  Zealot  
  55  9:45  Zealot  
  57  9:48  Zealot x2  
  57  9:49  Zealot x2  
  65  10:02  Zealot x3  
  65  10:07  Zealot  
  65  10:20  Zealot x3  
  57  10:24  Zealot x2  
  57  10:38  Dark Templar  
  57  10:39  Dark Templar  
  61  10:51  Zealot  
  61  10:53  Nexus  
  63  11:04  Zealot x4  
  71  11:13  Zealot  
  71  11:14  Zealot x2  
  58  11:28  Dark Templar x3  
  51  11:49  Zealot  
  51  11:50  Zealot x3  
  59  12:04  Zealot x3  
  65  12:11  Zealot x2  
  65  12:12  Zealot  
Show
View Real Time Build Order
Export as new Build Order

MAYO Protoss 

Build Orders: Blink Stalkers 

Get SALT Encoding   

  12  0:00  Probe  
  13  0:12  Probe  
  14  0:18  Pylon  
  14  0:24  Probe  
  15  0:33  Probe  
  15  0:39  Gateway  
  15  0:41  Probe  
  16  0:48  Assimilator  
  17  0:51  Probe  
  18  1:03  Probe  
  18  1:04  Pylon  
  19  1:15  Probe  
  20  1:26  Cybernetics Core  
  20  1:27  Probe  
  21  1:39  Probe  
  22  1:51  Probe  
  22  1:52  Stalker  
  23  1:56  Nexus  
  23  2:06  Warp Gate  
  25  2:09  Probe  
  26  2:15  Assimilator  
  26  2:21  Stalker, Probe  
  29  2:33  Probe  
  30  2:40  Gateway  
  30  2:45  Probe  
  31  2:58  Twilight Council  
  31  3:01  Pylon  
  31  3:05  Blink, Probe  
  31  3:06  Probe  
  33  3:13  Probe  
  33  3:14  Probe  
  35  3:22  Probe  
  35  3:23  Probe  
  37  3:34  Probe  
  37  3:35  Probe  
  39  3:44  Robotics Facility  
  39  3:46  Probe  
  39  3:47  Probe  
  41  3:52  Gateway  
  41  3:58  Probe  
  41  3:59  Probe  
  41  4:01  Gateway  
  43  4:04  Pylon  
  43  4:09  Stalker  
  45  4:10  Probe  
  45  4:11  Probe  
  45  4:14  Stalker  
  49  4:21  Assimilator  
  49  4:22  Probe  
  50  4:26  Probe  
  50  4:27  Gateway  
  52  4:31  Observer  
  52  4:32  Stalker  
  52  4:34  Probe  
  55  4:39  Probe  
  55  4:40  Pylon  
  55  4:43  Stalker  
  58  4:46  Probe  
  58  4:51  Probe  
  58  4:52  Stalker  
  62  4:58  Observer  
  62  4:59  Probe  
  64  5:03  Pylon  
  64  5:10  Nexus  
  64  5:12  Pylon  
  64  5:15  Charge  
  64  5:21  Stalker  
  66  5:22  Stalker  
  66  5:24  Probe  
  69  5:30  Forge  
  69  5:35  Forge  
  69  5:37  Probe  
  69  5:39  Assimilator  
  70  5:45  Robotics Bay, Probe  
  70  5:49  Probe  
  73  5:57  Probe  
  73  5:58  Shield Battery  
  73  5:59  Pylon  
  73  6:01  Probe, Shield Battery  
  73  6:03  Protoss Ground Weapons Level 1  
  74  6:09  Probe, Protoss Ground Armor Level 1  
  75  6:13  Stalker x2, Probe  
  75  6:17  Stalker  
  82  6:21  Probe  
  82  6:24  Probe  
  84  6:25  Probe  
  84  6:27  Colossus  
  85  6:33  Probe  
  85  6:36  Probe  
  93  6:43  Assimilator, Probe  
  93  6:44  Probe  
  93  6:45  Pylon  
  93  6:46  Assimilator  
  94  6:48  Probe  
  94  6:50  Extended Thermal Lance  
  94  6:51  Probe  
  96  6:56  Probe  
  96  6:58  Probe, Pylon  
  96  7:00  Probe  
  98  7:06  Zealot x4  
  108  7:10  Probe x2  
  111  7:22  Probe  
  111  7:25  Probe  
  111  7:29  Gateway  
  112  7:30  Zealot x3  
  112  7:31  Gateway  
  112  7:32  Gateway x2  
  112  7:33  Colossus  
  114  7:46  Probe  
  114  7:48  Probe  
  116  7:51  Pylon  
  116  7:53  Pylon  
  114  8:09  Zealot x4  
  114  8:10  Probe, Zealot  
  109  8:32  Zealot x4  
  109  8:33  Colossus  
  101  8:40  Probe x2  
  99  8:43  Probe  
  99  8:45  Protoss Ground Weapons Level 2, Cybernetics Core, Protoss Ground Armor Level 2  
  106  8:51  Pylon  
  106  8:53  Zealot x4  
  106  8:54  Zealot  
  116  8:57  Pylon  
  108  9:20  Zealot x7  
  108  9:21  Zealot  
  92  9:45  Zealot x2  
  92  9:46  Zealot x6  
  106  10:08  Stalker x8  
  96  10:31  Zealot x3  
  96  10:32  Zealot x5  
  95  10:52  Nexus, Stalker x3  
  95  10:56  Pylon  
  101  10:58  Pylon x2  
  101  11:00  Pylon  
  101  11:08  Twilight Council  
  101  11:16  Zealot x4  
  109  11:26  Probe  
  106  11:42  Stalker x6  
  118  11:47  Templar Archives  
Show
View Real Time Build Order
Export as new Build Order

gonzo Terran - Winner!

Build Orders:  

Get SALT Encoding   

  12  0:01  SCV  
  13  0:13  SCV  
  14  0:19  Supply Depot  
  14  0:25  SCV  
  15  0:40  SCV  
  15  0:42  Barracks  
  16  0:52  SCV  
  16  0:56  Refinery  
  17  1:04  SCV  
  17  1:10  Barracks  
  18  1:17  SCV  
  19  1:29  SCV  
  19  1:31  Marine  
  21  1:41  Orbital Command  
  21  1:52  Marine  
  22  2:00  Marine  
  23  2:02  Supply Depot  
  23  2:19  Command Center  
  23  2:23  SCV  
  23  2:24  Marine  
  25  2:31  Marine  
  25  2:36  SCV  
  27  2:43  Factory  
  27  2:48  SCV  
  28  2:52  Marine x2, Engineering Bay  
  30  3:00  SCV  
  31  3:08  Supply Depot  
  31  3:13  SCV  
  31  3:14  Barracks Tech Lab  
  31  3:15  Barracks Reactor  
  32  3:23  Missile Turret, Terran Infantry Weapons Level 1  
  32  3:25  SCV  
  33  3:29  Factory Tech Lab  
  33  3:34  Orbital Command  
  33  3:39  SCV  
  34  3:53  Marine  
  34  3:54  Marine  
  36  3:58  Refinery  
  36  4:00  SCV x2  
  38  4:11  Siege Tank  
  38  4:12  Marine x3, SCV  
  38  4:16  SCV  
  46  4:24  SCV  
  46  4:28  SCV  
  46  4:29  Marine  
  46  4:30  Marine  
  50  4:31  Refinery  
  50  4:36  SCV  
  50  4:37  Marine  
  52  4:39  Starport  
  52  4:40  SCV  
  52  4:42  Missile Turret  
  53  4:49  SCV  
  53  4:51  Marine x2, Stimpack  
  56  4:55  SCV  
  57  5:01  SCV  
  58  5:07  SCV  
  58  5:12  Marine x2  
  58  5:13  SCV  
  62  5:17  Starport Reactor  
  62  5:20  Supply Depot x2  
  62  5:27  SCV, Siege Tank  
  66  5:29  Supply Depot x2  
  66  5:33  SCV  
  66  5:34  Refinery, Marine  
  68  5:36  Marine  
  68  5:37  Marine  
  68  5:41  SCV  
  71  5:48  Terran Infantry Armor Level 1  
  71  5:52  Marine, SCV  
  71  5:53  SCV  
  71  5:54  Marine  
  75  6:00  Armory  
  75  6:14  SCV x2  
  77  6:27  Engineering Bay  
  77  6:28  Medivac x2  
  77  6:30  Command Center  
  81  6:33  Marine x2  
  84  6:41  Barracks  
  84  6:43  Liberator, Barracks  
  84  6:46  Marauder  
  85  6:50  Siege Tank  
  85  6:51  Combat Shield  
  88  6:58  Medivac  
  93  7:06  Marine x2  
  93  7:07  Marauder  
  97  7:10  SCV  
  97  7:11  SCV  
  102  7:22  Siege Tank  
  102  7:32  Marine  
  102  7:34  Marine  
  101  7:37  Marauder  
  101  7:43  Terran Infantry Weapons Level 2, Terran Infantry Armor Level 2  
  100  7:45  Supply Depot  
  100  7:50  Medivac  
  102  8:06  Marine x4, Marauder  
  102  8:08  Supply Depot  
  106  8:20  Liberator  
  106  8:24  Marine x3  
  109  8:28  Marine, Marauder  
  109  8:29  Siege Tank  
  115  8:36  Orbital Command  
  118  8:42  Marine x3  
  118  8:46  Liberator, Marine  
  122  8:49  Marauder  
  120  8:59  Marine  
  120  9:01  Siege Tank, Orbital Command  
  120  9:04  Marine  
  120  9:05  Marine x2  
  126  9:10  Marauder  
  126  9:11  SCV x2  
  130  9:17  Marine  
  130  9:20  Medivac  
  133  9:29  Missile Turret  
  133  9:31  Liberator  
  133  9:37  SCV x2  
  132  9:39  Marauder  
  132  9:40  Supply Depot x2  
  132  9:42  Supply Depot  
  132  9:44  Liberator  
  125  9:46  Marine x3  
  125  9:49  SCV x2  
  132  10:01  Marauder, Siege Tank, SCV  
  138  10:08  Marine x4  
  124  10:22  Marauder  
  124  10:26  Marine  
  109  10:30  SCV x3  
  107  10:36  Barracks  
  107  10:38  Sensor Tower, Barracks  
  107  10:39  Barracks  
  107  10:40  Refinery x2  
  107  10:43  Marauder  
  109  10:55  Barracks Tech Lab x2  
  109  10:57  Marine x2  
  109  10:59  SCV  
  109  11:00  SCV  
  113  11:05  Marauder  
  113  11:08  Medivac  
  113  11:10  Concussive Shells  
  117  11:12  SCV x2  
  117  11:15  Marine x2  
  121  11:24  SCV x2  
  123  11:26  Marauder  
  125  11:32  Marine  
  125  11:33  Marine  
  127  11:40  Command Center  
  127  11:42  Marauder  
  127  11:43  Marine x3, Marauder  
  140  11:47  Marine  
  140  11:50  Marine x2  
  143  12:00  Marine  
  143  12:01  Marine x2  
Show
View Real Time Build Order
Export as new Build Order

Adversity Terran - Winner!

Build Orders: Reaper Expand 

Get SALT Encoding   

  12  0:00  SCV  
  13  0:12  SCV  
  14  0:18  Supply Depot  
  14  0:25  SCV  
  15  0:39  SCV  
  15  0:40  Barracks  
  16  0:45  Refinery  
  16  0:51  SCV  
  17  1:04  SCV  
  18  1:16  SCV  
  19  1:28  Reaper  
  19  1:29  Orbital Command  
  20  1:45  Command Center  
  20  1:54  Supply Depot  
  20  1:55  SCV  
  21  2:03  Barracks Reactor  
  21  2:09  SCV  
  21  2:14  Barracks  
  22  2:19  Barracks  
  22  2:24  SCV  
  22  2:27  Supply Depot  
  23  2:40  Marine x2  
  23  2:42  SCV  
  26  2:44  Bunker  
  25  2:57  Marine  
  25  2:58  Marine, SCV, Orbital Command  
  28  3:02  Barracks Tech Lab  
  28  3:06  Refinery  
  28  3:07  Marine  
  28  3:11  SCV  
  30  3:19  Marine x2  
  32  3:23  Marine, Stimpack  
  33  3:27  SCV  
  33  3:29  SCV  
  35  3:37  Engineering Bay  
  35  3:39  SCV  
  35  3:41  SCV  
  37  3:45  Marine x4  
  42  3:55  SCV  
  42  3:56  Factory  
  42  4:01  SCV  
  43  4:03  Marine x2  
  43  4:05  Marine x2  
  43  4:07  Missile Turret  
  43  4:09  Terran Infantry Weapons Level 1  
  47  4:11  SCV  
  47  4:13  SCV  
  47  4:17  Missile Turret  
  49  4:23  SCV  
  50  4:25  SCV  
  50  4:27  Supply Depot  
  50  4:28  Barracks Reactor  
  51  4:35  SCV  
  51  4:36  Supply Depot  
  51  4:37  SCV  
  53  4:41  Factory Reactor, Starport  
  53  4:48  SCV  
  53  4:50  SCV  
  55  4:54  Barracks  
  55  4:56  Barracks  
  54  5:00  SCV  
  54  5:02  SCV  
  54  5:06  Refinery  
  56  5:07  Refinery  
  56  5:12  Marine x3, SCV  
  56  5:13  Marine x2  
  62  5:16  Supply Depot, SCV  
  63  5:24  SCV  
  63  5:26  Medivac x2  
  63  5:27  Factory Tech Lab  
  68  5:29  SCV  
  69  5:36  Combat Shield  
  69  5:37  Supply Depot  
  69  5:45  Marine x4  
  69  5:47  Barracks Reactor x2  
  73  5:50  Supply Depot  
  73  5:54  Siege Tank  
  76  6:03  Supply Depot, SCV  
  76  6:04  Marine x5  
  77  6:08  Terran Infantry Armor Level 1  
  82  6:12  Supply Depot  
  82  6:21  Marine  
  82  6:22  Marine x3  
  82  6:33  Marine  
  82  6:34  Marine x3  
  82  6:36  Marauder, Siege Tank  
  89  6:40  Medivac x2  
  93  6:49  Supply Depot  
  93  6:50  Marine x4  
  93  6:51  Marine  
  98  6:56  Marine x2  
  98  6:57  Marine x2  
  102  7:07  Supply Depot, Marine  
  102  7:08  Marine  
  104  7:09  Marine x3  
  104  7:10  Supply Depot  
  107  7:15  Siege Tank  
  107  7:17  Marine x4  
  113  7:25  Marine  
  113  7:26  Medivac x2  
  118  7:34  Marine  
  111  7:47  Marine  
  111  7:48  Marine  
  111  7:50  Marine  
  114  7:51  Command Center  
  114  7:57  Barracks  
  111  8:10  Marine x3  
  111  8:11  Marine x2  
  116  8:14  Supply Depot  
  116  8:16  Armory  
  116  8:17  Marine x3, Engineering Bay  
  119  8:26  Liberator  
  101  8:37  Marine x3  
  101  8:38  Marine x4  
  101  8:39  Marauder  
  106  8:45  SCV  
  106  8:48  SCV  
  111  8:53  Marine  
  112  9:00  Marauder  
  114  9:07  Marine  
  114  9:08  Marine x3  
  114  9:09  Marauder  
  113  9:16  Marine x3  
  113  9:17  Marine  
  113  9:21  Marauder  
  112  9:33  Marine x4  
  112  9:34  Marine, Marauder  
  115  9:40  Marine  
  115  9:41  Terran Infantry Weapons Level 2, Marine  
  115  9:43  Terran Infantry Armor Level 2, Marauder  
  113  9:52  Orbital Command  
  108  9:55  Marauder  
  108  9:57  Marine x5  
  108  9:59  SCV x2  
  115  10:03  Supply Depot  
  112  10:19  Marine x5  
  112  10:20  Marine x2, Marauder x2  
  112  10:21  Concussive Shells  
  123  10:28  Marine  
  124  10:37  Marine x6  
  124  10:38  Marine  
  124  10:39  SCV x3  
  124  10:41  Marauder  
  124  10:42  Marauder  
  129  10:49  Medivac x2  
  133  10:54  Barracks  
  133  10:55  Barracks  
  133  10:56  Barracks  
  130  11:05  Marine x3  
  130  11:06  Marauder x2  
  130  11:09  SCV  
  116  11:25  Medivac  
  116  11:26  Medivac  
  103  11:36  Missile Turret  
  103  11:38  SCV  
  103  11:39  SCV x2  
  106  11:44  Marauder x2  
  106  11:45  Barracks Tech Lab x3  
  106  11:46  Command Center  
  110  11:50  Marine x4  
  110  11:51  Marine x2, SCV x3  
  110  11:52  Marine x2  
  121  11:59  Supply Depot  
  125  12:03  SCV  
Tags
 
Add a new tag
Caveats
  • Supply blocks, unpowered buildings, or Contaminate may cause inaccurate times.
  • Supply counts are checked every 10 seconds.